[Event "World Junior U20 Girls 2018"]
[Site "Gebze"]
[Date "2018.09.06"]
[Round "2"]
[White "Isha Sharma"]
[Black "Kanakova, Natalie"]
[Result "0-1"]
[ECO "C55"]
[WhiteElo "2012"]
[BlackElo "2201"]
[Annotator "NA"]
[PlyCount "160"]
[EventDate "2018.09.05"]
[EventType "swiss"]
[EventCountry "TUR"]
[SourceTitle "playchess.com"]
[Source "ChessBase"]
[SourceQuality "1"]
[TimeControl "40/5400+30:1800+30"]

1. e4 e5 2. Nf3 Nc6 3. Bc4 Nf6 4. d3 Be7 5. O-O O-O 6. Re1 d6 7. h3 Kh8 8. c3 Ng8 9. d4 f5 10. dxe5 fxe4 11. Rxe4 Rxf3 12. gxf3 Bf5 13. Re1 Nxe5 14. Bf1 Qe8 15. Bf4 Qg6+ $11 (15... Bc2 $5 16. Qe2 Nd3 $11) 16. Bg3 Rf8 17. Na3 Qh5 18. Rxe5 dxe5 19. Kh2 Nh6 20. Nc4 e4 21. fxe4 Bg4 22. Qd5 Bg5 23. Kg1 Bf3 24. Ne5 Be2 25. Bxe2 Qxe2 26. Nd7 Rd8 27. Bxc7 Bh4 28. Rf1 Re8 29. Nc5 Rf8 30. Qd4 Qh5 31. Be5 Qg5+ 32. Kh2 Bxf2 33. Bxg7+ Kg8 34. Qc4+ Rf7 35. Rxf2 Ng4+ 36. hxg4 Qh4+ 37. Kg2 Qxf2+ 38. Kh3 Qf3+ 39. Kh4 Kxg7 40. Qd4+ Kg6 41. Qd6+ Rf6 42. Qg3 Qh1+ 43. Qh3 Qe1+ 44. Qg3 Qc1 45. Qd3 Qh6+ 46. Kg3 Qf4+ 47. Kh3 Kh6 48. e5 Rg6 49. Qg3 Qf1+ 50. Qg2 Qxg2+ 51. Kxg2 Rxg4+ 52. Kf3 Rg7 53. a4 Kg6 54. Kf4 Rc7 55. b4 b6 56. Ne4 Rf7+ 57. Ke3 h5 58. Nd6 Rc7 59. c4 Kg5 60. Kf3 Re7 61. c5 bxc5 62. bxc5 h4 63. c6 a6 64. e6 h3 65. Kg3 h2 66. Kxh2 Kf4 67. Nc8 Rc7 68. Nb6 Ke5 69. Nd7+ Kd6 70. Nb8 a5 71. Kg3 Kxe6 72. Kf3 Kd5 73. Ke3 Rc8 74. Nd7 Kxc6 75. Nf6 Kc5 76. Kd3 Kb4 77. Nd5+ Kb3 78. Ke3 Rc6 79. Kd4 Kxa4 80. Ne7 Rc1 0-1

[Event "World Junior U20 Girls 2018"]
[Site "Gebze"]
[Date "2018.09.06"]
[Round "2"]
[White "Cramling Bellon, Anna"]
[Black "Caxita, Esperanca"]
[Result "1-0"]
[ECO "E34"]
[WhiteElo "2009"]
[BlackElo "1803"]
[Annotator "NA"]
[PlyCount "53"]
[EventDate "2018.09.05"]
[EventType "swiss"]
[EventCountry "TUR"]
[SourceTitle "playchess.com"]
[Source "ChessBase"]
[SourceQuality "1"]
[TimeControl "40/5400+30:1800+30"]

1. d4 Nf6 2. c4 e6 3. Nc3 Bb4 4. Qc2 d5 5. cxd5 Nxd5 6. e4 Nxc3 7. bxc3 Ba5 8. Nf3 c5 9. Bd2 cxd4 10. cxd4 Nc6 11. Bb5 Bd7 12. O-O Bxd2 13. Qxd2 O-O 14. Rfd1 Ne7 15. Bxd7 Qxd7 16. Ne5 Qa4 17. Rab1 b6 18. Rb4 Qa6 19. d5 exd5 20. exd5 Rfd8 21. d6 Rac8 22. h3 Qb7 23. Rg4 f6 24. d7 Rc5 25. Qd6 Rxe5 26. Qxf6 Ng6 27. Qxd8+ 1-0

[Event "World Junior U20 Girls 2018"]
[Site "Gebze"]
[Date "2018.09.06"]
[Round "2"]
[White "Stanciu, Ioana-Georgiana"]
[Black "Anacoglu, Cisel"]
[Result "1-0"]
[ECO "C45"]
[WhiteElo "2000"]
[BlackElo "1791"]
[Annotator "NA"]
[PlyCount "69"]
[EventDate "2018.09.05"]
[EventType "swiss"]
[EventCountry "TUR"]
[SourceTitle "playchess.com"]
[Source "ChessBase"]
[SourceQuality "1"]
[TimeControl "40/5400+30:1800+30"]

1. e4 e5 2. Nf3 Nc6 3. d4 exd4 4. Nxd4 Nf6 5. Nxc6 bxc6 6. e5 Nd5 7. c4 Ne7 8. Bd3 Ng6 9. O-O Be7 10. f4 O-O 11. Nc3 d6 12. exd6 Bxd6 13. Ne4 Be7 14. Be3 Bf5 15. Qc2 Qd7 16. Nf6+ Bxf6 17. Bxf5 Qe7 18. Rae1 Qb4 19. b3 Rfe8 20. Qf2 Qa5 21. Bd7 Re7 22. Bxc6 Rd8 23. Rd1 Rxd1 24. Rxd1 Qc3 25. Bxa7 Re6 26. Bb7 Rd6 27. Rxd6 cxd6 28. g3 Qa1+ 29. Kg2 Bb2 30. a4 Qa3 31. Qe3 Bc1 32. Qe8+ Nf8 33. Bd5 Qb2+ 34. Bf2 Qf6 35. a5 1-0

[Event "World Junior U20 Girls 2018"]
[Site "Gebze"]
[Date "2018.09.06"]
[Round "2"]
[White "Nastase, Andreea-Cristina"]
[Black "Huttl, Sofie"]
[Result "1-0"]
[ECO "D36"]
[WhiteElo "1983"]
[BlackElo "1727"]
[Annotator "NA"]
[PlyCount "65"]
[EventDate "2018.09.05"]
[EventType "swiss"]
[EventCountry "TUR"]
[SourceTitle "playchess.com"]
[Source "ChessBase"]
[SourceQuality "1"]
[TimeControl "40/5400+30:1800+30"]

1. d4 d5 2. c4 e6 3. Nc3 Be7 4. Nf3 Nf6 5. cxd5 exd5 6. Bg5 h6 7. Bh4 c6 8. Qc2 O-O 9. e3 Re8 10. Bd3 Nbd7 11. O-O Ne4 12. Bxe7 Qxe7 13. Rab1 Nb6 14. b4 a6 15. Bxe4 dxe4 16. Nd2 f5 17. a4 Be6 18. Ne2 Rec8 19. Qc5 Qc7 20. Nf4 Kf7 21. Nxe6 Kxe6 22. f3 exf3 23. Rxf3 g6 24. e4 f4 25. d5+ cxd5 26. exd5+ Nxd5 27. Re1+ Ne3 28. Qxc7 Rxc7 29. Rxf4 Rc2 30. Rxe3+ Kd7 31. Rd4+ Kc7 32. Re7+ Kb6 33. h3 1-0

[Event "World Junior U20 Girls 2018"]
[Site "Gebze"]
[Date "2018.09.06"]
[Round "2"]
[White "Aubert, Laurane"]
[Black "Alinasab, Mobina"]
[Result "1/2-1/2"]
[ECO "C01"]
[WhiteElo "1970"]
[BlackElo "2261"]
[Annotator "NA"]
[PlyCount "121"]
[EventDate "2018.09.05"]
[EventType "swiss"]
[EventCountry "TUR"]
[SourceTitle "playchess.com"]
[Source "ChessBase"]
[SourceQuality "1"]
[TimeControl "40/5400+30:1800+30"]

1. e4 e6 2. d4 d5 3. Bd3 c5 4. exd5 Qxd5 5. Nc3 Qd7 6. Bf4 a6 7. d5 Nf6 8. dxe6 Qxe6+ 9. Qe2 Qxe2+ 10. Ngxe2 Be6 11. Ne4 Nbd7 12. N2c3 h6 13. O-O-O O-O-O 14. Rhe1 Nb6 15. Nxf6 gxf6 16. Ne4 Nd5 17. Bd2 Nb4 18. Bxb4 cxb4 19. Nxf6 a5 20. Bb5 Be7 21. Ne4 Kc7 22. f4 Rxd1+ 23. Rxd1 Rg8 24. g3 h5 25. Rd2 h4 26. Rd3 f5 27. Nd2 Bc5 28. Nc4 hxg3 29. hxg3 b6 30. c3 bxc3 31. Rxc3 Rh8 32. Rd3 Rh1+ 33. Kc2 Rh2+ 34. Kc1 Rg2 35. a3 Rg1+ 36. Kc2 Rg2+ 37. Kc1 Bf2 38. Rc3 Rxg3 39. Ne3+ Kb7 40. Bc6+ Ka6 41. Kd2 $11 Rg1 42. Ke2 Bh4 43. Nd5 Rg2+ 44. Ke3 Bxd5 45. Bxd5 Rxb2 46. Be6 a4 47. Bxf5 Be7 48. Bd3+ Ka5 49. f5 Ra2 50. Rc7 Bg5+ 51. Kd4 Rxa3 52. Ra7+ Kb4 53. Rb7 Bf6+ 54. Ke4 Kc5 55. Rf7 Bd8 56. Rd7 Bh4 57. Rh7 Bf6 58. Rf7 Bd8 59. Rd7 Bh4 60. Rh7 Bf6 61. Rf7 1/2-1/2

[Event "World Junior U20 Girls 2018"]
[Site "Gebze"]
[Date "2018.09.06"]
[Round "2"]
[White "Meenal Gupta"]
[Black "Georgescu, Lena"]
[Result "0-1"]
[ECO "B40"]
[WhiteElo "1963"]
[BlackElo "2195"]
[Annotator "NA"]
[PlyCount "68"]
[EventDate "2018.09.05"]
[EventType "swiss"]
[EventCountry "TUR"]
[SourceTitle "playchess.com"]
[Source "ChessBase"]
[SourceQuality "1"]
[TimeControl "40/5400+30:1800+30"]

1. e4 c5 2. Nf3 e6 3. d4 cxd4 4. Nxd4 Nc6 5. Nxc6 bxc6 6. Bd3 Nf6 7. O-O d5 8. Nd2 Be7 9. Qe2 O-O 10. b3 a5 11. Bb2 a4 12. c4 Bb7 13. Rfd1 Qb6 14. Rab1 axb3 15. axb3 Ra2 16. e5 Nd7 17. Qh5 g6 18. Qh6 Rxb2 19. Rxb2 Qd4 20. Rbb1 Qxd3 21. Nf3 Qf5 22. cxd5 cxd5 23. Qe3 Bc5 24. Qe2 d4 25. b4 Bb6 26. Ra1 Qf4 27. b5 Rc8 28. Ra3 Rc1 29. h3 Rxd1+ 30. Qxd1 Nxe5 31. Nxe5 Qxe5 32. Qb1 Qd5 33. Rg3 Bc7 34. Rf3 Qg5 0-1

[Event "World Junior U20 Girls 2018"]
[Site "Gebze"]
[Date "2018.09.06"]
[Round "2"]
[White "Heydarova, Aytaj"]
[Black "Incecik, Seyma Zeynep"]
[Result "0-1"]
[ECO "A08"]
[WhiteElo "1948"]
[BlackElo "1716"]
[Annotator "NA"]
[PlyCount "120"]
[EventDate "2018.09.05"]
[EventType "swiss"]
[EventCountry "TUR"]
[SourceTitle "playchess.com"]
[Source "ChessBase"]
[SourceQuality "1"]
[TimeControl "40/5400+30:1800+30"]

1. Nf3 d5 2. g3 Nf6 3. Bg2 g6 4. d3 Bg7 5. O-O O-O 6. c3 c5 7. Nbd2 Nc6 8. e4 e5 9. Re1 Re8 10. Qc2 {[%emt 0:03:30] A08: King's Indian Attack} (10. exd5 Nxd5 11. Nc4 Nb6 12. Bg5 Qc7 13. Nxb6 axb6 14. d4 h6 15. Bd2 cxd4 16. cxd4 Bg4 17. d5 Nd4 18. Bc3 Qd7 19. Bxd4 exd4 20. Qb3 Bxf3 21. Bxf3 Qd6 22. a3 Rac8 23. Rad1 Bf6 {½-½ (23) David,A (2576)-Feller,S (2569) Schifflange 2017}) 10... h6 11. Nf1 Be6 12. N3d2 Qd7 13. Nb3 $146 ({Predecessor:} 13. b3 Rad8 14. Bb2 d4 15. c4 {0-1 (43) Kirilov,I (1913)-Pniaczek,M (2085) Mamaia 2017}) 13... b6 14. f4 Rad8 15. fxe5 Nxe5 16. d4 c4 17. dxe5 cxb3 18. axb3 Nxe4 19. Ne3 Bxe5 20. Nxd5 Bxd5 21. Bxe4 Bg7 22. Bf4 Bxe4 23. Rxe4 g5 24. Be3 Rxe4 25. Qxe4 Re8 26. Qf3 Qd3 27. Re1 Qc2 28. Re2 Qxb3 29. Rf2 Qe6 30. Bd4 Bxd4 31. cxd4 Qe1+ 32. Kg2 Qe4 33. Rd2 f5 34. h3 Kf7 35. d5 Qxf3+ 36. Kxf3 Rd8 37. Ke3 Re8+ 38. Kf3 Rd8 39. Ke3 Re8+ 40. Kf3 Ke7 41. Rc2 $17 Rd8 42. Rc6 Rd6 43. Rc7+ Kf6 44. Rxa7 Rxd5 45. Ra2 Rd3+ 46. Kf2 Rb3 47. Kg2 f4 48. gxf4 gxf4 49. Ra4 Kf5 50. Rd4 Rxb2+ 51. Kf3 Rb3+ 52. Kg2 Rg3+ 53. Kh2 Rg6 54. Rb4 f3 55. Rb5+ Ke4 56. Rb4+ Ke3 57. Rb3+ Ke2 58. Rb2+ Kd1 59. Rb1+ Kc2 60. Rf1 Rf6 0-1

[Event "World Junior U20 Girls 2018"]
[Site "Gebze"]
[Date "2018.09.06"]
[Round "2"]
[White "Hereklioglu, Sude"]
[Black "Potapova, Margarita"]
[Result "0-1"]
[ECO "D02"]
[WhiteElo "1930"]
[BlackElo "2277"]
[Annotator "NA"]
[PlyCount "90"]
[EventDate "2018.09.05"]
[EventType "swiss"]
[EventCountry "TUR"]
[SourceTitle "playchess.com"]
[Source "ChessBase"]
[SourceQuality "1"]
[TimeControl "40/5400+30:1800+30"]

1. d4 Nf6 2. Nf3 e6 3. g3 d5 4. Bg2 c5 5. e3 Nc6 6. O-O Be7 7. Nbd2 O-O 8. b3 a5 {[%emt 0:06:30] D02: 1 d4 d5 2 Nf3 sidelines, including 2...Nf6 3 g3 and 2...Nf6 3 Bf4} 9. Bb2 b6 10. c4 Ba6 11. Re1 $146 ({Predecessor:} 11. Ne5 Rc8 12. Nxc6 Rxc6 13. Re1 Rc8 14. Rc1 cxd4 15. Bxd4 Bb4 16. Bf1 dxc4 17. bxc4 {0-1 (44) Boyle,C-Bryson,D (2310) Clarkston 1987}) 11... Rc8 12. Ne5 Bb7 13. f4 cxd4 14. exd4 Ba8 15. Rc1 dxc4 16. Nxc6 Bxc6 17. bxc4 Bxg2 18. Kxg2 Qd7 19. Ne4 Nxe4 20. Rxe4 Rxc4 21. Rxc4 Qd5 22. Qe2 f5 23. Rc7 Bf6 24. Kf3 fxe4+ 25. Qxe4 Qxa2 26. Bc3 b5 27. Qe2 Qb3 28. Qe3 b4 29. Be1 Qd5+ 30. Qe4 Rd8 31. Qxd5 Rxd5 32. Rc6 Kf7 33. Rc7+ Ke8 34. Rb7 Bxd4 35. h4 h5 36. g4 hxg4+ 37. Kxg4 Bf6 38. Kf3 Rd1 39. Ke2 Rd5 40. Kf3 Rd3+ 41. Ke4 $19 Ra3 42. Bf2 b3 43. Bc5 Ra4+ 44. Kd3 b2 45. Kc2 Rc4+ 0-1

[Event "World Junior U20 Girls 2018"]
[Site "Gebze"]
[Date "2018.09.06"]
[Round "2"]
[White "Koo, Wei Xin Rosamund"]
[Black "Hojjatova, Aydan"]
[Result "0-1"]
[ECO "E04"]
[WhiteElo "1918"]
[BlackElo "2356"]
[Annotator "NA"]
[PlyCount "76"]
[EventDate "2018.09.05"]
[EventType "swiss"]
[EventCountry "TUR"]
[SourceTitle "playchess.com"]
[Source "ChessBase"]
[SourceQuality "1"]
[TimeControl "40/5400+30:1800+30"]

1. d4 e6 2. c4 Nf6 3. Nf3 d5 4. g3 dxc4 5. Bg2 a6 6. O-O Nc6 7. e3 Rb8 8. Qe2 b5 9. Rd1 Be7 10. Ne5 Nxe5 11. dxe5 Nd7 12. Nc3 O-O 13. a4 Bb7 14. axb5 Bxg2 15. Kxg2 axb5 16. Ra5 Qc8 17. Rxb5 Rxb5 18. Nxb5 Qb7+ 19. e4 Qxb5 20. b3 Nxe5 21. f4 Nd3 22. bxc4 Nxc1 23. Rxc1 Qb4 24. Rc2 Rd8 25. h4 Bc5 26. h5 Qb1 27. e5 Qg1+ 28. Kf3 Qh1+ 29. Kg4 g6 30. Qh2 Qe4 31. hxg6 hxg6 32. Qe2 Qf5+ 33. Kf3 Rd3+ 34. Kg2 Re3 35. Qd2 Qg4 36. Qd8+ Bf8 37. Qh4 Qf3+ 38. Kh3 Qf1+ 0-1

[Event "World Junior U20 Girls 2018"]
[Site "Gebze"]
[Date "2018.09.06"]
[Round "2"]
[White "Doroy Allaney Jia G"]
[Black "Altantuya, Boldbaatar"]
[Result "0-1"]
[ECO "A14"]
[WhiteElo "1914"]
[BlackElo "2210"]
[Annotator "NA"]
[PlyCount "62"]
[EventDate "2018.09.05"]
[EventType "swiss"]
[EventCountry "TUR"]
[SourceTitle "playchess.com"]
[Source "ChessBase"]
[SourceQuality "1"]
[TimeControl "40/5400+30:1800+30"]

1. c4 Nf6 2. g3 e6 3. Bg2 d5 4. Nf3 Be7 5. O-O O-O 6. Qc2 c5 7. cxd5 exd5 8. d4 cxd4 9. Nxd4 Qb6 10. Nb3 Nc6 11. Nc3 Be6 12. Bg5 Rac8 13. e3 Rfd8 14. Rfd1 Bg4 15. Rd2 Nb4 16. Qb1 Bh5 17. Bxf6 Bxf6 18. Nxd5 Nxd5 19. Bxd5 a5 20. Qe4 Bg6 21. Qa4 Bc2 22. Qa3 a4 23. Qxa4 Bxb2 24. Rf1 Bf6 25. Qf4 Bg6 26. e4 h6 27. h4 Re8 28. Qf3 Qb4 29. Qg4 Bxe4 30. Re1 Bxd5 31. Rxe8+ Rxe8 0-1

[Event "World Junior U20 Girls 2018"]
[Site "Gebze"]
[Date "2018.09.06"]
[Round "2"]
[White "Aksoy, Ayca"]
[Black "Malatsilava, Volha"]
[Result "1-0"]
[ECO "D00"]
[WhiteElo "1898"]
[BlackElo "2040"]
[Annotator "NA"]
[PlyCount "83"]
[EventDate "2018.09.05"]
[EventType "swiss"]
[EventCountry "TUR"]
[SourceTitle "playchess.com"]
[Source "ChessBase"]
[SourceQuality "1"]
[TimeControl "40/5400+30:1800+30"]

1. d4 Nf6 2. Bg5 d5 3. Bxf6 exf6 4. e3 Bd6 5. Bd3 f5 6. Nf3 O-O 7. O-O c6 8. c4 dxc4 9. Bxc4 Qc7 10. Nc3 Nd7 11. Rc1 Nb6 12. Bd3 Qe7 13. Qc2 g6 14. Rfe1 Nd5 15. Nxd5 cxd5 16. g3 Be6 17. a3 Rac8 18. Qb1 Rc7 19. Rxc7 Qxc7 20. Rc1 Qb6 21. Qc2 a5 22. Qd2 Re8 23. Rc3 Bd7 24. Qc2 a4 25. Kg2 Qa5 26. h4 h5 27. Ng5 b5 28. b4 axb3 29. Qxb3 Rf8 30. Be2 b4 31. axb4 Bxb4 32. Rc1 Ba4 33. Qa2 Rd8 34. Bf3 Qa8 35. Rc7 f6 36. Nf7 Bd1 37. Ra7 Bxf3+ 38. Kxf3 Qc8 39. Nxd8 f4 40. Qxd5+ Kh8 41. Nf7+ Kg7 42. Ng5+ 1-0

[Event "World Junior U20 Girls 2018"]
[Site "Gebze"]
[Date "2018.09.06"]
[Round "2"]
[White "Nass, Sara"]
[Black "Urh, Zala"]
[Result "0-1"]
[ECO "C67"]
[WhiteElo "1888"]
[BlackElo "2128"]
[Annotator "NA"]
[PlyCount "82"]
[EventDate "2018.09.05"]
[EventType "swiss"]
[EventCountry "TUR"]
[SourceTitle "playchess.com"]
[Source "ChessBase"]
[SourceQuality "1"]
[TimeControl "40/5400+30:1800+30"]

1. e4 e5 2. Nf3 Nc6 3. Bb5 Nf6 4. O-O Nxe4 5. d4 Nd6 6. Bxc6 dxc6 7. dxe5 Nf5 8. Qxd8+ Kxd8 9. h3 h6 10. Nc3 Bd7 11. Rd1 Kc8 12. Bf4 b6 $11 13. a4 g5 14. Bh2 Be6 15. Ne2 c5 16. Nc3 Ne7 17. a5 a6 18. Na4 Kb7 19. axb6 cxb6 20. Rd6 Nc6 21. Rd2 Be7 22. Nc3 Rhd8 23. Ne4 Rxd2 24. Nfxd2 b5 25. Nd6+ Kb6 26. N2e4 a5 27. f4 gxf4 28. Bxf4 Rg8 29. Kh1 Bd5 30. Rd1 Nd4 31. c3 Bxd6 32. exd6 Bxe4 33. cxd4 Rxg2 34. dxc5+ Kb7 35. Rf1 Rxb2+ 36. Kg1 Rg2+ 37. Kh1 Kc6 38. Bxh6 Rg6+ 39. Kh2 Rxh6 40. Rxf7 Rh7 41. Rf4 Bd5 0-1

[Event "World Junior U20 Girls 2018"]
[Site "Gebze"]
[Date "2018.09.06"]
[Round "2"]
[White "Aydin, Gulenay"]
[Black "Caballero Quijano, Mitzy Mishell"]
[Result "0-1"]
[ECO "C06"]
[WhiteElo "1882"]
[BlackElo "2034"]
[Annotator "NA"]
[PlyCount "96"]
[EventDate "2018.09.05"]
[EventType "swiss"]
[EventCountry "TUR"]
[SourceTitle "playchess.com"]
[Source "ChessBase"]
[SourceQuality "1"]
[TimeControl "40/5400+30:1800+30"]

1. e4 e6 2. d4 d5 3. Nd2 c5 4. Ngf3 Nf6 5. e5 Nfd7 6. c3 Nc6 7. Bd3 Be7 8. O-O g5 9. dxc5 Nxc5 10. Bb5 Qb6 11. Nd4 Nd7 12. Bxc6 bxc6 13. Re1 c5 14. Nc2 Ba6 15. h3 O-O-O 16. b4 f6 17. exf6 Bxf6 18. Bb2 Rhf8 19. Nf3 Bc4 20. Ne3 cxb4 21. Nxc4 dxc4 22. Qe2 Kb8 23. Rab1 Rc8 24. Qxe6 Qxe6 25. Rxe6 Nc5 26. Rxf6 Rxf6 27. cxb4 Rxf3 28. gxf3 Nd3 29. Bc3 Kb7 30. a3 Kc6 31. Bd2 Kb5 32. Rd1 Ka4 33. Kf1 h6 34. Kg2 Kxa3 35. Ra1+ Kb2 36. Rxa7 c3 37. Bxc3+ Kxc3 38. b5 Rb8 39. Ra6 h5 40. h4 Rxb5 41. Ra4 gxh4 42. Rxh4 Rg5+ 43. Kf1 Rf5 44. Rh3 Nf4 45. Rh4 Kd3 46. Kg1 Ke2 47. Rh2 Kxf3 48. Rh4 Rg5+ 0-1

[Event "World Junior U20 Girls 2018"]
[Site "Gebze"]
[Date "2018.09.06"]
[Round "2"]
[White "Nassr, Lina"]
[Black "Celik, Eylul"]
[Result "1/2-1/2"]
[ECO "B40"]
[WhiteElo "1854"]
[BlackElo "2014"]
[Annotator "NA"]
[PlyCount "101"]
[EventDate "2018.09.05"]
[EventType "swiss"]
[EventCountry "TUR"]
[SourceTitle "playchess.com"]
[Source "ChessBase"]
[SourceQuality "1"]
[TimeControl "40/5400+30:1800+30"]

1. e4 c5 2. Nf3 e6 3. d4 cxd4 4. Nxd4 Qb6 5. Be3 a6 6. Nb3 Qc7 $14 {[%emt 0:01:00] LiveBook: 3 Games} 7. Nc3 b5 8. a3 Bb7 9. Be2 Nf6 10. Bf3 d6 11. O-O Nbd7 12. Nd2 Be7 13. h3 O-O 14. g3 Rac8 15. Bg2 Ne5 16. f4 Nc4 17. Nxc4 Qxc4 18. Qd4 Rfd8 19. e5 Nd5 20. Qxc4 Rxc4 21. Nxd5 Bxd5 22. Bxd5 exd5 23. exd6 Bf6 24. c3 Rxd6 25. Rfe1 g6 26. Rad1 a5 27. Bd4 Bxd4+ 28. Rxd4 Kf8 29. Red1 Rxd4 30. Rxd4 Ke7 31. a4 Ke6 32. axb5 Rb6 33. Kf2 Rxb5 34. Rd2 a4 35. Ke3 Rb3 36. Kd4 a3 37. bxa3 Rxa3 38. Rb2 Ra6 39. Rb5 Rd6 40. g4 Ra6 41. Rxd5 Ra1 42. c4 Rh1 43. Re5+ Kd6 44. Re3 Rd1+ 45. Rd3 Re1 46. Kc3+ Kc6 47. Kd4 Kd6 48. Re3 Rd1+ 49. Ke4 Kc5 50. Ke5 Rd6 51. f5 1/2-1/2

[Event "World Junior U20 Girls 2018"]
[Site "Gebze"]
[Date "2018.09.06"]
[Round "2"]
[White "Sade, Defne"]
[Black "Kamalidenova, Meruert"]
[Result "0-1"]
[ECO "B51"]
[WhiteElo "1826"]
[BlackElo "2011"]
[Annotator "NA"]
[PlyCount "208"]
[EventDate "2018.09.05"]
[EventType "swiss"]
[EventCountry "TUR"]
[SourceTitle "playchess.com"]
[Source "ChessBase"]
[SourceQuality "1"]
[TimeControl "40/5400+30:1800+30"]

1. e4 c5 2. Nf3 d6 3. Bb5+ Nd7 4. O-O a6 5. Bd3 {[%emt 0:00:00] B51: Sizilianisch (Rossolimo-Variante)} Ngf6 6. Re1 (6. c3 b5 7. Bc2 Bb7 8. Re1 c4 9. a4 e6 10. axb5 axb5 11. Rxa8 Qxa8 12. Na3 Bxe4 13. Bxe4 Nxe4 {½-½ (58) Anand,V (2768)-So,W (2780) Saint Louis 2018}) 6... b5 7. c4 Rb8 8. Nc3 Ne5 9. Nxe5 dxe5 10. Bf1 $146 ({Vorgänger:} 10. Qe2 b4 11. Nd5 Nd7 12. Bc2 e6 {0-1 (41) Schnider,G (2419)-Can,E (2567) Graz 2017}) 10... b4 11. Nd5 Nd7 12. d3 e6 13. Ne3 Be7 14. Ng4 Bg5 15. Qf3 Bb7 16. Qg3 Bh4 17. Qh3 h5 18. Ne3 Qf6 19. g3 Bg5 20. Ng4 Qg6 21. Be2 Bxc1 22. Raxc1 Ke7 23. Qh4+ f6 24. Ne3 Qh6 25. Rf1 g5 26. Qh3 h4 27. g4 Nf8 28. Rfd1 Ng6 29. Ng2 Rbc8 30. Rd2 Rhd8 31. Rdc2 Kf7 32. a3 a5 33. a4 Ne7 34. b3 Nc6 35. Rb2 Nd4 36. Bf1 Qf8 37. Ne3 Qd6 38. Nc2 Nc6 39. Qe3 h3 40. Ne1 Rh8 41. Nf3 Kg7 42. Be2 Ne7 43. Rd2 Ng6 44. Rcd1 Bc6 45. Bf1 Nf4 46. Rb1 Rce8 47. Re1 Kf7 48. Rb1 Rhg8 49. Ne1 f5 50. f3 Rh8 51. Rf2 Rh4 52. Be2 Kg7 53. Rb2 Rd8 54. Rd2 Kg6 55. Bd1 Kf6 56. Kf1 Kg6 57. Kg1 Rf8 58. Kf1 Rh7 59. Kg1 Rd8 60. Kf1 Kf6 61. Kg1 Rhd7 62. Bc2 Qe7 63. Kf1 Rd4 64. Bd1 Qd6 65. Bc2 fxe4 66. fxe4 Bxe4 67. Qxh3 Kg7 68. Qe3 Kg6 69. Nf3 Bxf3 70. Qxf3 Rh8 71. Qb7 Rb8 72. Qf3 Qc7 73. Qg3 Rh8 74. Qe3 Rh4 75. Bd1 Qd6 76. Rf3 e4 77. Rg3 Nxd3 78. Bc2 Qf4+ 79. Kg1 Qxe3+ 80. Rxe3 Rxg4+ 81. Kf1 Rf4+ 82. Kg1 Ne5 83. Rxd4 cxd4 84. Rxe4 $19 d3 85. Rxf4 dxc2 86. Rf1 Nd3 87. c5 Nxc5 88. Rc1 Nxb3 89. Rxc2 Nd4 90. Rc7 b3 91. Rb7 Kf5 92. Kf2 Kf4 93. Rc7 Nc2 94. Rb7 Nb4 95. Rf7+ Ke4 96. Ke2 b2 97. Rf1 Kd4 98. Kd2 Kc4 99. Ke3 Nc6 100. Ke4 Kb3 101. Kd3 Ka2 102. Kc4 b1=Q 103. Rxb1 Kxb1 104. Kb5 e5 0-1

[Event "World Junior U20 Girls 2018"]
[Site "Gebze"]
[Date "2018.09.06"]
[Round "2"]
[White "Catal, Uktenur"]
[Black "Hu, Yu A"]
[Result "0-1"]
[ECO "D35"]
[WhiteElo "1809"]
[BlackElo "2009"]
[Annotator "NA"]
[PlyCount "126"]
[EventDate "2018.09.05"]
[EventType "swiss"]
[EventCountry "TUR"]
[SourceTitle "playchess.com"]
[Source "ChessBase"]
[SourceQuality "1"]
[TimeControl "40/5400+30:1800+30"]

1. d4 Nf6 2. c4 e6 3. Nc3 d5 4. cxd5 exd5 5. Bg5 Be7 6. e3 c6 7. Bd3 Be6 8. Nge2 Nh5 9. Bxe7 Qxe7 10. Qc2 g6 11. O-O O-O 12. Rae1 Nd7 13. a3 Rfc8 14. e4 dxe4 15. Bxe4 Ndf6 16. Bf3 Qd6 17. Ne4 Nxe4 18. Bxe4 Nf6 19. Bf3 Bd5 20. Bxd5 cxd5 21. Nc3 Rc4 22. Rd1 Rac8 23. Qb3 a6 24. h3 b5 25. Qc2 b4 26. axb4 Rxb4 27. Qe2 Re8 28. Qd2 Reb8 29. Qe3 Rxb2 30. Qe5 Rd8 31. Ra1 Rc2 32. Qxd6 Rxd6 33. Na4 Ne4 34. f3 Ng3 35. Rfd1 Re6 36. Kh2 Nf5 37. Rdc1 Ree2 38. Rxc2 Rxc2 39. Nc5 Nxd4 40. Nxa6 Nxf3+ 41. Kg3 Nd2 42. Rd1 Ne4+ 43. Kh2 Rd2 44. Rxd2 Nxd2 45. Kg3 Kg7 46. Nb4 d4 47. Nc6 Nb3 48. Nb4 Kf6 49. Kf4 Ke6 50. Ke4 f5+ 51. Kf4 Nc1 52. g4 fxg4 53. hxg4 Kd6 54. Ke4 d3 55. Ke3 Kc5 56. Na6+ Kc4 57. Nc7 h5 58. gxh5 gxh5 59. Ne6 Nb3 60. Nf4 d2 61. Nd3 Kc3 62. Nf2 Kc2 63. Kf4 Nc5 0-1

[Event "World Junior U20 Girls 2018"]
[Site "Gebze"]
[Date "2018.09.06"]
[Round "2"]
[White "Can, Isil"]
[Black "Li, Xinyu"]
[Result "0-1"]
[ECO "B98"]
[WhiteElo "1798"]
[BlackElo "2086"]
[Annotator "NA"]
[PlyCount "98"]
[EventDate "2018.09.05"]
[EventType "swiss"]
[EventCountry "TUR"]
[SourceTitle "playchess.com"]
[Source "ChessBase"]
[SourceQuality "1"]
[TimeControl "40/5400+30:1800+30"]

1. e4 c5 2. Nf3 d6 3. d4 cxd4 4. Nxd4 Nf6 5. Nc3 a6 6. Bg5 Nbd7 7. f4 Qc7 8. Qe2 e6 9. O-O-O Be7 10. g4 $11 O-O 11. Bg2 Re8 12. h4 Nb6 13. h5 e5 14. Nf5 Bxf5 15. gxf5 h6 16. Bxf6 Bxf6 17. fxe5 Rxe5 18. Qd3 Rd8 19. Rhg1 Kf8 20. Bf3 Ra5 21. Kb1 Bxc3 22. Qxc3 Qxc3 23. bxc3 Rc5 24. Rd3 Na4 25. c4 Nb6 26. e5 Rxe5 27. Bxb7 Rxf5 28. Bxa6 Rxh5 29. Rgd1 Ke7 30. Bb5 Rc5 31. Rd4 d5 32. Re1+ Kf8 33. Re5 f6 34. Rh5 Kf7 35. a4 Kg6 36. Rhh4 Nxc4 37. Bxc4 Rxc4 38. Rxc4 dxc4 39. Rxc4 Kf5 40. a5 g5 41. a6 h5 42. a7 Ra8 43. Ra4 h4 44. Kc1 h3 45. Kd2 h2 46. Ra1 Rxa7 47. Rxa7 h1=Q 48. Ra3 g4 49. c4 Qe4 0-1

[Event "World Junior U20 Girls 2018"]
[Site "Gebze"]
[Date "2018.09.06"]
[Round "2"]
[White "Zairbek kyzy, Begimay"]
[Black "Nemcova, Karin"]
[Result "1/2-1/2"]
[ECO "B22"]
[WhiteElo "1770"]
[BlackElo "1990"]
[Annotator "NA"]
[PlyCount "59"]
[EventDate "2018.09.05"]
[EventType "swiss"]
[EventCountry "TUR"]
[SourceTitle "playchess.com"]
[Source "ChessBase"]
[SourceQuality "1"]
[TimeControl "40/5400+30:1800+30"]

1. e4 c5 2. c3 d5 3. exd5 Qxd5 4. d4 Nc6 5. Nf3 Bf5 6. Be3 Bxb1 7. Rxb1 cxd4 8. Nxd4 Nf6 9. Be2 Nxd4 10. Bxd4 O-O-O 11. O-O e5 12. Be3 a6 13. Qa4 Qd7 14. Qb3 Bd6 15. c4 Bc7 16. c5 e4 17. c6 Qxc6 18. Rbc1 Qd6 19. g3 Rd7 20. Qa4 Rhd8 21. Ba7 Re8 22. b4 b5 23. Qa3 Kb7 24. Bc5 Qe6 25. Bxb5 Rd2 26. Bxe8 Rxa2 27. Qc3 Qxe8 28. Bd4 Qd7 29. Bxf6 gxf6 30. Rfd1 1/2-1/2

[Event "World Junior U20 Girls 2018"]
[Site "Gebze"]
[Date "2018.09.06"]
[Round "2"]
[White "Yorgun, Yaren Naz"]
[Black "Nomin-Erdene, Davaademberel"]
[Result "0-1"]
[ECO "B12"]
[WhiteElo "1751"]
[BlackElo "2377"]
[Annotator "NA"]
[PlyCount "90"]
[EventDate "2018.09.05"]
[EventType "swiss"]
[EventCountry "TUR"]
[SourceTitle "playchess.com"]
[Source "ChessBase"]
[SourceQuality "1"]
[TimeControl "40/5400+30:1800+30"]

1. e4 c6 2. d4 d5 3. e5 Bf5 4. c4 e6 5. Nc3 Nd7 6. a3 dxc4 7. Bxc4 Ne7 8. Nge2 Nd5 9. O-O Be7 10. Ng3 Bg6 11. f4 N7b6 12. Bb3 Qd7 13. Nce4 O-O-O 14. a4 Nc7 15. Be3 Nbd5 16. Bd2 h5 17. Nc3 h4 18. Nge2 h3 19. g3 c5 20. Nxd5 Nxd5 21. Rc1 Kb8 22. Bc4 Qc6 23. Bb5 Qb6 24. Qe1 Nb4 25. Bxb4 cxb4 26. Qf2 f6 27. Rfd1 fxe5 28. fxe5 Bh5 29. d5 exd5 30. Qxb6 axb6 31. Rf1 Bc5+ 32. Rxc5 bxc5 33. Nf4 Be8 34. Be2 c4 35. Ne6 Rc8 36. Nd4 c3 37. bxc3 bxc3 38. Rc1 Bxa4 39. e6 c2 40. Bd3 Rc3 41. Bf1 Re3 42. Kf2 Re4 43. Nf3 Rxe6 44. Ng5 Rf8+ 45. Kg1 Rb6 0-1